 Dungeon Crawl Stone Soup version 0.28-a0-872-g80cf8599ee (webtiles) character file.

Game seed: 15232020579263359668

238 jbasstz the Ruffian (level 5, -9/50 HPs)
             Began as a Troll Fighter on Nov 20, 2021.
             Was an Initiate of Okawaru.
             Killed by divine providence
             ... invoked by an orc priest
              (12 damage)
             ... on level 4 of the Dungeon.
             The game lasted 00:08:05 (2077 turns).

jbasstz the Ruffian (Troll Fighter)                 Turns: 2077, Time: 00:08:06

Health: -9/50      AC:  4    Str: 25    XL:     5   Next: 78%
Magic:  4/4        EV:  8    Int:  4    God:    Okawaru [......]
Gold:   188        SH:  7    Dex:  9    Spells: 4/4 levels left

rFire   . . .      SeeInvis .     - Unarmed
rCold   . . .      Faith    .   b - +0 kite shield
rNeg    . . .      Spirit   .   a - +0 robe
rPois   .          Reflect  .   (helmet restricted)
rElec   .          Harm     .   (no cloak)
rCorr   .          Rampage  .   (gloves unavailable)
Will    .....                   (boots unavailable)
Stlth   +.........              (no amulet)
HPRegen 1.16/turn               (no ring)
MPRegen 0.09/turn               (no ring)

@: no status effects
A: large, unfitting armour, claws 3, regeneration 1, shaggy fur 1, tough skin 1
a: Renounce Religion


You were on level 4 of the Dungeon.
You worshipped Okawaru.
Okawaru was noncommittal.
You visited 1 branch of the dungeon, and saw 4 of its levels.

You collected 188 gold pieces.

Inventory:

Armour
 a - a +0 robe (worn)
 b - a +0 kite shield (worn)
Jewellery
 h - an amulet of magic regeneration
Scrolls
 f - a scroll of noise {unknown}
 g - a scroll of teleportation {unknown}
 i - a scroll of enchant weapon {unknown}
 j - a scroll of blinking {unknown}
 k - a scroll of identify {unknown}
 p - a scroll of magic mapping {unknown}
 q - a scroll of vulnerability {unknown}
Potions
 c - 2 potions of might
 d - 2 potions of flight {unknown}
 e - 2 potions of curing {unknown}
 l - a potion of heal wounds {unknown}
 m - 3 potions of magic {unknown}
 n - a potion of experience {unknown}
 o - a potion of mutation {unknown}


   Skills:
 + Level 2.7 Fighting
 + Level 3.4 Dodging
 + Level 0.2 Stealth
 + Level 3.1 Shields
 + Level 4.3 Unarmed Combat


You had 4 spell levels left.
You didn't know any spells.
Your spell library was empty.

Dungeon Overview and Level Annotations

Branches:
Dungeon (4/15)
 Temple: D:4-7

Altars:
Ashenzari
Okawaru
Sif Muna


Innate Abilities, Weirdness & Mutations

You are too large for most types of armour.
You have claws for hands.
Your natural rate of healing is unusually fast.
You are covered in fur. (AC +1)
You have tough skin. (AC +1)


Message History

You are poisoned.
The scorpion poisons you!
The orc priest looks braver for a moment.
The orc wizard mumbles some strange words.
The orc wizard flickers and vanishes!
Deactivating autopickup; reactivate with Ctrl-A.
The scorpion stings you.
You barely miss the scorpion.
The scorpion is severely wounded.
You feel sick.
An orc wizard comes into view. It is wielding a +0 dagger.
You block the scorpion's attack.
You scratch the scorpion but do no damage.
The scorpion is severely wounded.
You feel sick. You block the scorpion's attack.
The orc priest mumbles some strange prayers to Beogh against you.
Beogh smites you! The scorpion stings you.
You closely miss the scorpion.
The scorpion is severely wounded.
You feel sick.
The scorpion stings you but does no damage.
You claw the scorpion!
You kill the scorpion!
Okawaru accepts your kill.
You feel sick.
The orc priest begins to cast a cantrip, but forgets the words!
You claw the orc priest!
The orc priest is severely wounded.
You feel sick.
The orc priest invokes the aid of Beogh against you.
Beogh smites you!
* * * LOW HITPOINT WARNING * * *
The orc priest invokes the aid of Beogh against you.
Beogh smites you!
* * * LOW HITPOINT WARNING * * *
You feel sick.
You are no longer poisoned.
The orc priest calls down the wrath of Beogh upon you.
Beogh smites you!
You die... ..$.......# ._..8.._.# ### ........ #.. ......############.# # ..o.. .......)..... #. .ow

....)........ #.##†#
###########.. #...o# #......##..
#.##@# #.####.##.. #.#
#.####.##.. #.# #..........
#.###########.###.
#>................
##########.###.#.. #.# #.##.
#########################.# #.##.
.#.#.#.#.#.#.#.#.#.#.#.#.'###.##.


You could see 2 orc priests, an orc wizard and a dart slug.

Vanquished Creatures
  A scorpion (D:4)
  A hound (D:4)
  2 hound skeletons (D:4)
  6 adders
  3 worms
  A dart slug (D:2)
  2 orcs
  3 ball pythons
  5 bats
  5 endoplasms
  A giant cockroach (D:4)
  7 goblins
  3 hobgoblins
  7 jackals
  2 quokkas
  4 kobolds
  8 rats
61 creatures vanquished.

Notes
Turn   | Place    | Note
-------+----------+-------------------------------------------
     0 | D:1      | jbasstz the Troll Fighter began the quest for the Orb.
     0 | D:1      | Reached XP level 1. HP: 22/22 MP: 0/0
   157 | D:1      | Reached XP level 2. HP: 28/29 MP: 1/1
   215 | D:1      | Found a faded altar of an unknown god.
   472 | D:2      | Reached XP level 3. HP: 36/36 MP: 2/2
   673 | D:2      | Reached XP level 4. HP: 44/44 MP: 3/3
   828 | D:2      | Reached skill level 3 in Unarmed Combat
   959 | D:3      | Found an iron altar of Okawaru.
  1613 | D:3      | Became a worshipper of Warmaster Okawaru
  1848 | D:4      | Reached XP level 5. HP: 50/50 MP: 4/4
  1870 | D:4      | Reached skill level 4 in Unarmed Combat
  2065 | D:4      | Found a broken altar of Ashenzari.
  2066 | D:4      | Found a shimmering blue altar of Sif Muna.
  2076 | D:4      | HP: 2/50 [orc priest/divine providence (11)]
  2077 | D:4      | Killed from afar by an orc priest

Illustrated notes

Levels and vault maps discovered:
D:1:      lemuel_arrival_hallway, layout_rooms, ebering_ecumenical_altar_webs
D:2:      layout_rooms, minmay_ruptured
D:3:      layout_loops_ring, okawaru_trees_1, dk_noncrumbling_4,
          hangedman_decor_clover_reticule, minmay_cut_off
D:4:      layout_basic, lemuel_coloured_pillars_altar,
          grunt_temple_overflow_open, roderic_roman_lattice

Skill      XL: |  1  2  3  4  5 |
---------------+----------------+-----
Dodging        | 3 |  3.4
Unarmed Combat | 3 4 |  4.3
Shields        | 3 |  3.1
Fighting       | |  2.7
Stealth        | |  0.2

Action                   |  1- 3 |  4- 6 || total
-------------------------+-------+-------++-------
Melee: Unarmed           |    95 |    89 ||   184
 Stab: Sleeping          |       |     1 ||     1
Armor: Robe              |    48 |    12 ||    60
Dodge: Dodged            |    44 |    33 ||    77
Block: Kite shield       |    43 |    29 ||    72

Table legend: (Time is in decaauts)
 A = Elapsed time spent in this place.
 B = Non-inter-level travel time spent in this place.
 C = Inter-level travel time spent in this place.
 D = Time resting spent in this place.
 E = Time spent auto-exploring this place.
 F = Levels seen in this place.
 G = Mean time per level.
                   A        B        C        D        E       F      G
               +--------+--------+--------+--------+--------+-----+--------+
         Total |   2106 |   2096 |     10 |      0 |   1535 |   4 |  526.5 |
       Dungeon |   2106 |   2096 |     10 |      0 |   1535 |   4 |  526.5 |
               +--------+--------+--------+--------+--------+-----+--------+

Top non-repeatable levels by time:
     D:3: 776 daAuts
     D:1: 459 daAuts
     D:4: 450 daAuts
     D:2: 421 daAuts
